 Dungeon Crawl Stone Soup version 0.31-a0-208-gdb31a4691d (webtiles) character file.

Game seed: 239803485348529831

66 Anon1729 the Ducker (level 3, -2/28 HPs)
             Began as a Demonspawn Gladiator on June 28, 2023.
             Slain by an ogre
             ... wielding a +0 giant club
              (11 damage)
             ... on level 4 of the Dungeon.
             The game lasted 00:00:29 (1326 turns).

Anon1729 the Ducker (Demonspawn Gladiator)          Turns: 1326, Time: 00:00:30

Health: -2/28      AC:  3    Str: 14    XL:     3   Next: 96%
Magic:  4/4        EV: 12    Int:  9    God:
Gold:   69         SH:  0    Dex: 16    Spells: 2/2 levels left

rFire   . . .        a - +0 rapier
rCold   . . .        (no shield)
rNeg    . . .        b - +0 leather armour
rPois   .            (helmet restricted)
rElec   .            (no cloak)
rCorr   .            (no gloves)
SInv    .            (no boots)
Will    .....        g - amulet of regeneration
Stlth   +            (no ring)
HPRegen 1.04/turn    (no ring)
MPRegen 0.09/turn

%: no passive effects
@: no status effects
A: horns 1, foul stench 1
a: no special abilities


You were on level 4 of the Dungeon.
You visited 1 branch of the dungeon, and saw 3 of its levels.

You collected 69 gold pieces.

Inventory:

Hand Weapons
 a - a +0 rapier (weapon)
Missiles
 d - 3 throwing nets (quivered)
 e - a javelin
Armour
 b - a +0 leather armour (worn)
 c - a +0 helmet
Jewellery
 g - an amulet of regeneration (around neck)
 l - an amulet of guardian spirit
 n - a +5 ring of evasion
 o - a ring of flight
Scrolls
 f - a scroll of teleportation {unknown}
 h - a scroll of noise {unknown}
 i - 2 scrolls of fog {unknown}
 m - a scroll of acquirement {unknown}
 q - a scroll of revelation {unknown}
Potions
 j - a potion of brilliance {unknown}
 k - a potion of berserk rage {unknown}
 p - a potion of might {unknown}


   Skills:
 + Level 2.3 Fighting
 + Level 3.0 Short Blades
 + Level 2.2 Throwing
 + Level 1.1 Armour
 + Level 3.1 Dodging
 + Level 1.6 Invocations


You had 2 spell levels left.
You didn't know any spells.
Your spell library contained the following spells:

 Spells                   Type           Power      Damage    Failure   Level
 Magic Dart               Conj           0%         1d3       45%         1
 Lesser Beckoning         Tloc           0%         N/A       58%         2
 Searing Ray              Conj           0%         2d4       58%         2
 Gell's Gravitas          Tloc           0%         N/A       83%         3
 Teleport Other           Tloc           0%         N/A       83%         3
 Fulminant Prism          Conj/Hex       0%         3d5       99%         4


Dungeon Overview and Level Annotations

Branches:
Dungeon (2/15)

Altars:
Okawaru


Innate Abilities, Weirdness & Mutations

You have a pair of small horns on your head.
You may rarely emit foul miasma when damaged in melee.


Message History

The giant cockroach bites you. The ogre completely misses you.
The giant cockroach bites you but does no damage.
You hit the ogre.
The ogre is heavily wounded.
The giant cockroach barely misses you.
You hit the ogre. You headbutt the ogre.
The ogre is severely wounded.
The ogre hits you with a +0 giant club!!
Ouch! That really hurt!
* * * LOW HITPOINT WARNING * * *
The giant cockroach closely misses you.
You are too injured to fight recklessly!
You are too injured to fight recklessly!
You are too injured to fight recklessly!
You are too injured to fight recklessly!
You are too injured to fight recklessly!
You are too injured to fight recklessly!
You are too injured to fight recklessly!
You are too injured to fight recklessly!
You are too injured to fight recklessly!
You are too injured to fight recklessly!
You are too injured to fight recklessly!
You are too injured to fight recklessly!
You are too injured to fight recklessly!
You are too injured to fight recklessly!
You are too injured to fight recklessly!
You completely miss the ogre.
The ogre is severely wounded.
The giant cockroach bites you.
* * * LOW HITPOINT WARNING * * *
The ogre misses you. The giant cockroach bites you.
* * * LOW HITPOINT WARNING * * *
You hit the ogre but do no damage.
The ogre is severely wounded.
The giant cockroach waves its antennae.
The giant cockroach misses you.
You hit the ogre.
The ogre is severely wounded.
The ogre hits you with a +0 giant club!
You die...

#### #.. #
#.#####.#
######........
#.###.........##.##
#.?...............
#.###.####...#.....
#.####!@O....#
##...###B.#.....
#..##.##..# .###
#...#.##..# #
#.#.#.##...
##...###.... ##.##
##.#.
####.#####.#..
#..........#


You could see an ogre and a giant cockroach.

Vanquished Creatures
  An adder (D:2)
  A worm (D:2)
  8 ball pythons
  7 endoplasms
  2 giant cockroaches (D:2)
  6 goblins
  5 hobgoblins
  3 jackals (D:1)
  6 quokkas
  A bat (D:1)
  2 frilled lizards (D:1)
  A kobold (D:1)
  5 rats
48 creatures vanquished.

Notes
Turn   | Place    | Note
-------+----------+-------------------------------------------
     0 | D:1      | Anon1729 the Demonspawn Gladiator began the quest for the
                  | Orb.
     0 | D:1      | Reached XP level 1. HP: 16/16 MP: 1/1
   112 | D:1      | Gained mutation: You may rarely emit foul miasma when
                  | damaged in melee. [demonic ancestry]
   112 | D:1      | Reached XP level 2. HP: 21/22 MP: 2/2
   315 | D:1      | Reached skill level 1 in Invocations
   670 | D:1      | Gained mutation: You have a pair of small horns on your
                  | head. [demonic ancestry]
   670 | D:1      | Reached XP level 3. HP: 23/27 MP: 3/3
   747 | D:1      | Found a faded altar of an unknown god.
   866 | D:2      | Identified the +3 ring mail of the Kraken {rC++}
   956 | D:2      | Reached skill level 1 in Armour
  1114 | D:2      | Found an iron altar of Okawaru.
  1277 | D:2      | You fall into a shaft and drop 2 floors!
  1315 | D:4      | Noticed an ogre
  1326 | D:4      | Slain by an ogre

Illustrated notes

Levels and vault maps discovered:
D:1:      shiori_shiawase, layout_basic,
          hellmonk_ecumenical_altar_pennies_from_heaven
D:2:      layout_basic, basic_altar, nrook_mini_vaults
D:4:      layout_loops_ring, nzn_hepliaklqana_mist_gate,
          minmay_temple_entry_fiery, serial_shops, shop

Skill      XL: |  1  2  3 |
---------------+----------+-----
Throwing       | 2 |  2.2
Invocations    | 1 |  1.6
Dodging        | 3 |  3.1
Short Blades   | 3 |  3.0
Armour         | 1 |  1.1
Fighting       | |  2.3

Action                     || total
---------------------------++-------
  Melee: Rapier            ||   136
         Headbutt          ||    13
   Stab: Sleeping          ||     2
 Armour: Leather armour    ||    36
  Dodge: Dodged            ||    93

Table legend: (Time is in decaauts)
 A = Elapsed time spent in this place.
 B = Non-inter-level travel time spent in this place.
 C = Inter-level travel time spent in this place.
 D = Time resting spent in this place.
 E = Time spent auto-exploring this place.
 F = Levels seen in this place.
 G = Mean time per level.
                   A        B        C        D        E       F      G
               +--------+--------+--------+--------+--------+-----+--------+
         Total |   1333 |   1312 |     21 |      0 |   1015 |   3 |  444.3 |
       Dungeon |   1333 |   1312 |     21 |      0 |   1015 |   3 |  444.3 |
               +--------+--------+--------+--------+--------+-----+--------+

Top non-repeatable levels by time:
     D:1: 852 daAuts
     D:2: 431 daAuts
     D:4: 49 daAuts
